 Dungeon Crawl Stone Soup version 0.28-a0-1613-gdaab1c2f9b (webtiles) character file.

Game seed: 17900073760416907694

56 funkygono the Firebug (level 3, 0/19 HPs)
             Began as a Gargoyle Fire Elementalist on Jan 21, 2022.
             Killed from afar by Sigmund (7 damage)
             ... with a puff of flame
             ... on level 2 of the Dungeon.
             The game lasted 00:02:48 (1887 turns).

funkygono the Firebug (Gargoyle Fire Elementalist)  Turns: 1887, Time: 00:02:49

Health: 0/19       AC:  5    Str: 11    XL:     3   Next: 97%
Magic:  3/6        EV: 12    Int: 17    God:
Gold:   59         SH:  0    Dex: 10    Spells: 1/7 levels left

rFire   . . .      SeeInvis .   g - +3 whip
rCold   . . .      Faith    .   (no shield)
rNeg    + . .      Spirit   .   a - +0 robe
rPois   ∞          Reflect  .   (no helmet)
rElec   +          Harm     .   (no cloak)
rCorr   .          Rampage  .   (no gloves)
Will    .....                   (no boots)
Stlth   ++........              (no amulet)
HPRegen 0.06/turn               (no ring)
MPRegen 0.10/turn               (no ring)

@: no status effects
A: sickness immunity, AC +3, negative energy resistance 1, electricity
resistance, torment resistance 1, petrification resistance
a: no special abilities


You were on level 2 of the Dungeon.
You visited 1 branch of the dungeon, and saw 2 of its levels.

You collected 59 gold pieces.

Inventory:

Hand Weapons
 c - a +2 flail of draining
 g - a +3 whip (weapon)
Missiles
 b - a throwing net
 d - 19 stones
Armour
 a - a +0 robe (worn)
 f - a +0 leather armour
Scrolls
 h - a scroll of teleportation {unknown}
Potions
 e - a potion of attraction {unknown}
 i - a potion of haste {unknown}


   Skills:
 + Level 1.6 Dodging
 - Level 2.1 Stealth
 * Level 2.5 Spellcasting
 * Level 1.6 Conjurations
 * Level 4.1 Fire Magic


You had one spell level left.
You knew the following spells:

 Your Spells              Type           Power      Damage    Failure   Level
a - Foxfire               Conj/Fire      48%        2x1d6     5%          1
b - Scorch                Fire           32%        2d6       4%          2
c - Conjure Flame         Conj/Fire      12%        6-21      17%         3

Your spell library contained the following spells:

 Spells                   Type           Power      Damage    Failure   Level
 Inner Flame              Hex/Fire       9%         N/A       24%         3
 Flame Wave               Conj/Fire      12%        2d6       50%         4


Dungeon Overview and Level Annotations

Branches:
Dungeon (2/15)

Altars:

Annotations:
D:2 Sigmund


Innate Abilities, Weirdness & Mutations

You are immune to sickness and miasma.
Your stone body is resilient. (AC +3)
You are immune to poison.
You resist negative energy. (rN+)
You are resistant to electric shocks. (rElec)
You are resistant to unholy torment.
You are immune to petrification.


Message History

Deactivating autopickup; reactivate with Ctrl-A.
Casting: Foxfire (safe; 5% risk of failure)
Confirm with . or Enter, or press ? or * to list all spells.
You miscast Foxfire.
Nothing appears to happen.
The foxfire hits something but does no damage.
The foxfire hits something.
Unknown command.
Casting: Foxfire (safe; 5% risk of failure)
Confirm with . or Enter, or press ? or * to list all spells.
You don't have enough magic to cast this spell.
The foxfire hits something.
Your magical contamination has completely faded away.
You are confused.
You bump into the rock wall.
Something hits you but does no damage.
You feel less confused.
You miss something. Something hits you!
You barely miss something.
You hear some strange, mumbled words.
A puff of flame appears from out of thin air!
The puff of flame hits you.
You are confused.
You're too confused to move!
You're too confused to cast spells.
Unknown command.
You bump into the rock wall.
You hear some strange, mumbled words.
Something tries to affect you, but you resist.
Unknown command.
You bump into the rock wall.
You bump into the rock wall.
Something hits you but does no damage.
You bump into the rock wall.
A magic dart appears from out of thin air!
The magic dart hits you.
Okay, then.
You feel less confused.
You hear some strange, mumbled words.
A puff of flame appears from out of thin air!
The puff of flame hits you!
You die...

####### ......# #####.#
#######
#.#####################......
###
#.......................####.
..# #..####################.#
#. #.# #..############## #.#
#. #.# #...........@{..# #.#
#. #.#
#...###########.#######.# #.
#.###...# #..............# #.
........# #.####......##.# ##
#.###...# #.# #..###.##.#####
........# #.# #..# #.##......
........# #.# #..# #.########
#.###..## #.# ##.# #.#
#.###..#######.# ###.# #.#


There were no monsters in sight!

Vanquished Creatures
  A worm (D:2)
  2 dart slugs (D:1)
  4 bats (D:2)
  6 endoplasms
  A giant cockroach (D:1)
  5 goblins
  5 hobgoblins
  2 kobolds
  A quokka (D:2)
  8 ball pythons
  5 frilled lizards
  5 rats
45 creatures vanquished.

Vanquished Creatures (others)
  90 foxfires
90 creatures vanquished.

Grand Total: 135 creatures vanquished

Notes
Turn   | Place    | Note
-------+----------+-------------------------------------------
     0 | D:1      | funkygono the Gargoyle Fire Elementalist began the quest
                  | for the Orb.
     0 | D:1      | Reached XP level 1. HP: 10/10 MP: 3/3
   195 | D:1      | Reached XP level 2. HP: 15/15 MP: 1/5
   198 | D:1      | Learned a level 2 spell: Scorch
   709 | D:1      | Reached XP level 3. HP: 19/19 MP: 2/6
   752 | D:1      | Learned a level 3 spell: Conjure Flame
   829 | D:1      | Found a faded altar of an unknown god.
  1376 | D:2      | Reached skill level 4 in Fire Magic
  1851 | D:2      | Noticed Sigmund
  1887 | D:2      | Killed from afar by Sigmund

Illustrated notes

Levels and vault maps discovered:
D:1:      wander_arrival_estate, layout_basic, chequers_ecumenical_altar_twisty,
          minmay_door_square
D:2:      layout_loops_ring, uniq_sigmund

Skill      XL: |  1  2  3 |
---------------+----------+-----
Fire Magic     | 4 |  4.1
Dodging        | |  1.6
Stealth        | |  2.1
Spellcasting   | |  2.5
Conjurations   | |  1.6

Action                   || total
-------------------------++-------
Melee: Whip              ||     4
 Cast: Foxfire           ||    57
       Scorch            ||    10
Armor: Robe              ||     5
Dodge: Dodged            ||     7

Table legend: (Time is in decaauts)
 A = Elapsed time spent in this place.
 B = Non-inter-level travel time spent in this place.
 C = Inter-level travel time spent in this place.
 D = Time resting spent in this place.
 E = Time spent auto-exploring this place.
 F = Levels seen in this place.
 G = Mean time per level.
                   A        B        C        D        E       F      G
               +--------+--------+--------+--------+--------+-----+--------+
         Total |   1886 |   1866 |     20 |      6 |   1521 |   2 |  943.0 |
       Dungeon |   1886 |   1866 |     20 |      6 |   1521 |   2 |  943.0 |
               +--------+--------+--------+--------+--------+-----+--------+

Top non-repeatable levels by time:
     D:1: 1018 daAuts
     D:2: 867 daAuts
